PBL
CALGARY FLAMES @ JOPLIN BLASTERS
09/09/2044
 
TOP OF THE 1ST
Calgary Flames batting - Pitching for Joplin Blasters : RHP Mike Galvin
Pitching: RHP Mike Galvin
Batting: RHB Dave McBain 0-0: Called Strike
0-1: Ball
1-1: Fly out, F8 (Flyball, 8RD, EV 87.5 MPH)
Batting: RHB Brian DeVoe 0-0: Fly out, F8 (Line Drive, 8RD, EV 93.8 MPH)
Batting: RHB Eric McMillian 0-0: Called Strike
0-1: Ball
1-1: Called Strike
1-2: Foul Ball, location: 2F
1-2: Ball
2-2: SINGLE (Groundball, 56D, EV 105.6 MPH)
Batting: RHB Wally Cangro 0-0: Swinging Strike
0-1: Fly out, F8 (Flyball, 89XD, EV 110.6 MPH)
Top of the 1st over - 0 runs, 1 hit, 0 errors, 1 left on base; Calgary 0 - Joplin 0
BOTTOM OF THE 1ST
Joplin Blasters batting - Pitching for Calgary Flames : RHP Alberto Cuevas
Pitching: RHP Alberto Cuevas
Batting: RHB Dave Saldana 0-0: Ball
1-0: Swinging Strike
1-1: Swinging Strike
1-2: Ball
2-2: Strikes out swinging
Batting: SHB Ryoji Hiraoka 0-0: Ball
1-0: Ground out 4-3 (Groundball, 4, EV 96.9 MPH)
Batting: LHB David Bearden 0-0: Ball
1-0: DOUBLE (Flyball, 7LD, EV 105.6 MPH)
Batting: LHB Josh Dalton 0-0: Ball
1-0: Foul Ball, location: 2F
1-1: Foul Ball, location: 2F
1-2: Strikes out swinging
Bottom of the 1st over - 0 runs, 1 hit, 0 errors, 1 left on base; Calgary 0 - Joplin 0
TOP OF THE 2ND
Calgary Flames batting - Pitching for Joplin Blasters : RHP Mike Galvin
Batting: RHB Kalidas Mishra 0-0: Ball
1-0: Foul Ball, location: 2F
1-1: Foul Ball, location: 2F
1-2: Ball
2-2: SINGLE (Flyball, 8LS, EV 87.5 MPH)
Batting: RHB Ricardo Ortiz 0-0: Ball
Wild Pitch!
Kalidas Mishra to second
1-0: Ball
2-0: SINGLE (Groundball, 34D, EV 103.1 MPH)
Kalidas Mishra to third
Batting: LHB James McCauley 0-0: Ball
1-0: Called Strike
1-1: Called Strike
1-2: Fielders Choice at 2nd, 4-6 (Groundball, 34D, EV 96.3 MPH)
Kalidas Mishra scores
Batting: RHB Ed Oake 0-0: Swinging Strike
0-1: DOUBLE (Flyball, 89D, EV 94.4 MPH)
James McCauley to third
Runner from 3rd tries for Home, SAFE, no throw by RF
Batting: RHB Jon Groseclose 0-0: SINGLE (Groundball, 6MD, EV 108.8 MPH)
Ed Oake to third
Runner from 3rd tries for Home, SAFE, throw by CF to home
Pitching: RHP John Barnett
Batting: RHB Dave McBain 0-0: Ball
1-0: Foul Ball, location: 2F
1-1: Ball
2-1: Foul Ball, location: 2F
2-2: Ball
3-2: Foul Ball, location: 2F
3-2: Foul Ball, location: 2F
3-2: Foul Ball, location: 2F
3-2: Strikes out looking
Batting: RHB Brian DeVoe 0-0: Called Strike
0-1: Swinging Strike
0-2: Ball
1-2: Foul Ball, location: 2F
1-2: Strikes out looking
Top of the 2nd over - 3 runs, 4 hits, 0 errors, 1 left on base; Calgary 3 - Joplin 0
BOTTOM OF THE 2ND
Joplin Blasters batting - Pitching for Calgary Flames : RHP Alberto Cuevas
Batting: SHB Sean Hill 0-0: Called Strike
0-1: Ball
1-1: Foul Ball, location: 2F
1-2: Strikes out swinging
Batting: RHB Bobby Matyas 0-0: Ball
1-0: Called Strike
1-1: Called Strike
1-2: Ball
2-2: Ground out 1-3 (Groundball, P, EV 75.0 MPH)
Batting: RHB Adam Krieger 0-0: Fly out, F9 (Flyball, 89M, EV 84.4 MPH)
Bottom of the 2nd over - 0 runs, 0 hits, 0 errors, 0 left on base; Calgary 3 - Joplin 0
TOP OF THE 3RD
Calgary Flames batting - Pitching for Joplin Blasters : RHP John Barnett
Batting: RHB Eric McMillian 0-0: Ball
1-0: Swinging Strike
1-1: Ball
2-1: Foul Ball, location: 2F
2-2: SINGLE (Flyball, 8LS, EV 95.6 MPH)
Batting: RHB Wally Cangro 0-0: Called Strike
0-1: Fly out, F8 (Line Drive, 8RM, EV 103.1 MPH)
Pitching: RHP Greg Sell
Batting: RHB Kalidas Mishra 0-0: Called Strike
0-1: Ball
1-1: Ball
2-1: Called Strike
2-2: Foul Ball, location: 2F
2-2: Foul Ball, location: 2F
2-2: Ball
3-2: Foul Ball, location: 2F
3-2: Base on Balls
Eric McMillian to second
Batting: RHB Ricardo Ortiz 0-0: Hit by Pitch
Eric McMillian to third
Kalidas Mishra to second
Batting: LHB James McCauley 0-0: Ball
1-0: Foul Ball, location: 2F
1-1: Foul Ball, location: 2F
1-2: Foul Ball, location: 2F
1-2: Strikes out swinging
Batting: RHB Ed Oake 0-0: Ball
1-0: Ball
2-0: Called Strike
2-1: Foul Ball, location: 2F
2-2: Foul Ball, location: 2F
2-2: Foul Ball, location: 2F
2-2: Ball
3-2: Foul Ball, location: 2F
3-2: Fly out, F2 (Popup, 2R, EV 90.6 MPH)
Top of the 3rd over - 0 runs, 1 hit, 0 errors, 3 left on base; Calgary 3 - Joplin 0
BOTTOM OF THE 3RD
Joplin Blasters batting - Pitching for Calgary Flames : RHP Alberto Cuevas
Batting: RHB Chance Argy 0-0: Ground out 6-3 (Groundball, 6, EV 91.3 MPH)
Batting: RHB Jason Birge 0-0: Ball
1-0: DOUBLE (Line Drive, 5D, EV 99.4 MPH)
Batting: RHB Dave Saldana 0-0: TRIPLE (Flyball, 8RXD, EV 108.1 MPH)
Jason Birge scores
Batting: SHB Ryoji Hiraoka 0-0: Ball
1-0: Foul Ball, location: 2F
1-1: Ball
2-1: Called Strike
2-2: Strikes out swinging
Batting: LHB David Bearden 0-0: Ball
1-0: Swinging Strike
1-1: Ball
2-1: Swinging Strike
2-2: Ball
3-2: Foul Ball, location: 2F
3-2: Strikes out looking
Bottom of the 3rd over - 1 run, 2 hits, 0 errors, 1 left on base; Calgary 3 - Joplin 1
TOP OF THE 4TH
Calgary Flames batting - Pitching for Joplin Blasters : RHP Greg Sell
Pitching: RHP Ian Current
Batting: RHB Jon Groseclose 0-0: Foul Ball, location: 2F
0-1: Foul Ball, location: 2F
0-2: Foul Ball, location: 2F
0-2: Ball
1-2: Strikes out swinging
Batting: RHB Dave McBain 0-0: Ball
1-0: Ground out U3 (Groundball, 3S, EV 86.3 MPH)
Batting: RHB Brian DeVoe 0-0: Ball
1-0: Called Strike
1-1: Foul Ball, location: 2F
1-2: SINGLE (Groundball, 4MD, EV 105.0 MPH) (infield hit)
Batting: RHB Eric McMillian 0-0: Ball
1-0: Foul Ball, location: 2F
1-1: Swinging Strike
1-2: Strikes out swinging
Top of the 4th over - 0 runs, 1 hit, 0 errors, 1 left on base; Calgary 3 - Joplin 1
BOTTOM OF THE 4TH
Joplin Blasters batting - Pitching for Calgary Flames : RHP Alberto Cuevas
Batting: LHB Josh Dalton 0-0: Ball
1-0: Swinging Strike
1-1: Swinging Strike
1-2: Ball
2-2: Foul Ball, location: 2F
2-2: Ball
3-2: Strikes out swinging
Batting: SHB Sean Hill 0-0: Foul Ball, location: 2F
0-1: Ball
1-1: Ball
2-1: Swinging Strike
2-2: Foul Ball, location: 2F
2-2: Foul Ball, location: 2F
2-2: Foul Ball, location: 2F
2-2: Ball
3-2: DOUBLE (Groundball, 3L, EV 102.5 MPH)
Batting: RHB Bobby Matyas 0-0: Ball
1-0: Called Strike
1-1: Foul Ball, location: 2F
1-2: Ground out 6-3 (Groundball, 6, EV 80.6 MPH)
Batting: RHB Adam Krieger 0-0: Called Strike
0-1: Swinging Strike
0-2: SINGLE (Line Drive, 8LS, EV 103.8 MPH)
Sean Hill to third
Batting: RHB Chance Argy 0-0: Called Strike
0-1: Called Strike
0-2: Strikes out swinging
Bottom of the 4th over - 0 runs, 2 hits, 0 errors, 2 left on base; Calgary 3 - Joplin 1
TOP OF THE 5TH
Calgary Flames batting - Pitching for Joplin Blasters : RHP Ian Current
Batting: RHB Wally Cangro 0-0: Called Strike
0-1: Ball
1-1: Ball
2-1: SINGLE (Groundball, 34, EV 95.6 MPH)
Pitching: RHP Justin Potts
Batting: RHB Kalidas Mishra 0-0: Ball
1-0: Ball
2-0: Called Strike
2-1: Called Strike
2-2: Foul Ball, location: 2F
2-2: Ball
Wild Pitch!
Wally Cangro to second
3-2: Ground out U3 (Groundball, 34, EV 100.6 MPH)
Wally Cangro to third
Batting: RHB Ricardo Ortiz 0-0: Ball
1-0: Foul Ball, location: 2F
1-1: Swinging Strike
1-2: Ball
2-2: Strikes out swinging
Batting: LHB James McCauley 0-0: Ball
1-0: Ground out 4-3 (Groundball, 4, EV 76.9 MPH)
Top of the 5th over - 0 runs, 1 hit, 0 errors, 1 left on base; Calgary 3 - Joplin 1
BOTTOM OF THE 5TH
Joplin Blasters batting - Pitching for Calgary Flames : RHP Alberto Cuevas
Batting: RHB Jason Birge 0-0: Foul Ball, location: 2F
0-1: Ball
1-1: Ball
2-1: Called Strike
2-2: Ball
3-2: Ground out 5-3 (Groundball, 5, EV 89.4 MPH)
Batting: RHB Dave Saldana 0-0: Ball
1-0: TRIPLE (Flyball, 89XD, EV 111.9 MPH)
Batting: SHB Ryoji Hiraoka 0-0: Ball
1-0: Ground out 4-3 (Groundball, 4M, EV 106.3 MPH)
Dave Saldana scores
Batting: LHB David Bearden 0-0: Ball
1-0: Foul Ball, location: 2F
1-1: Called Strike
1-2: Ball
2-2: Foul Ball, location: 2F
2-2: Ball
3-2: Foul Ball, location: 2F
3-2: Foul Ball, location: 2F
3-2: Ground out 4-3 (Groundball, 4, EV 85.0 MPH)
Bottom of the 5th over - 1 run, 1 hit, 0 errors, 0 left on base; Calgary 3 - Joplin 2
TOP OF THE 6TH
Calgary Flames batting - Pitching for Joplin Blasters : RHP Justin Potts
Batting: RHB Ed Oake 0-0: Called Strike
0-1: Ball
1-1: Foul Ball, location: 2F
1-2: Foul Ball, location: 2F
1-2: Foul Ball, location: 2F
1-2: Ball
2-2: Strikes out looking
Pitching: LHP Tyler Abraham
Batting: RHB Jon Groseclose 0-0: Ball
1-0: Fly out, F9 (Flyball, 89S, EV 79.4 MPH)
Batting: RHB Dave McBain 0-0: SINGLE (Line Drive, 8RS, EV 93.1 MPH)
Batting: RHB Brian DeVoe 0-0: Ball
1-0: Ball
2-0: Foul Ball, location: 2F
2-1: Foul Ball, location: 2F
2-2: Strikes out swinging
Top of the 6th over - 0 runs, 1 hit, 0 errors, 1 left on base; Calgary 3 - Joplin 2
BOTTOM OF THE 6TH
Joplin Blasters batting - Pitching for Calgary Flames : RHP Alberto Cuevas
Batting: LHB Josh Dalton 0-0: Called Strike
0-1: Ball
1-1: Ball
2-1: Ball
3-1: Foul Ball, location: 2F
3-2: Fly out, F8 (Flyball, 78M, EV 84.4 MPH)
Batting: SHB Sean Hill 0-0: Ball
1-0: Called Strike
1-1: Ball
2-1: Foul Ball, location: 2F
2-2: Strikes out looking
Batting: RHB Bobby Matyas 0-0: Called Strike
0-1: Ball
1-1: Ground out 6-3 (Groundball, 6, EV 90.0 MPH)
Bottom of the 6th over - 0 runs, 0 hits, 0 errors, 0 left on base; Calgary 3 - Joplin 2
TOP OF THE 7TH
Calgary Flames batting - Pitching for Joplin Blasters : LHP Tyler Abraham
Batting: RHB Eric McMillian 0-0: Foul Ball, location: 2F
0-1: Ball
1-1: Ball
2-1: Swinging Strike
2-2: Ground out 3-1 (Groundball, 34, EV 108.8 MPH)
Batting: RHB Wally Cangro 0-0: Called Strike
0-1: Swinging Strike
0-2: Ball
1-2: Foul Ball, location: 2F
1-2: Fly out, F4 (Popup, 3D, EV 53.1 MPH)
Pitching: RHP Bryan Kiefer
Batting: RHB Kalidas Mishra 0-0: Ball
1-0: Swinging Strike
1-1: Ball
2-1: Swinging Strike
2-2: Strikes out swinging
Top of the 7th over - 0 runs, 0 hits, 0 errors, 0 left on base; Calgary 3 - Joplin 2
BOTTOM OF THE 7TH
Joplin Blasters batting - Pitching for Calgary Flames : RHP Alberto Cuevas
Batting: RHB Adam Krieger 0-0: Swinging Strike
0-1: Foul Ball, location: 2F
0-2: Ball
1-2: Ball
2-2: Strikes out swinging
Batting: RHB Chance Argy 0-0: Ball
1-0: Foul Ball, location: 2F
1-1: Foul Ball, location: 2F
1-2: Ball
2-2: DOUBLE (Line Drive, 5D, EV 103.1 MPH)
Pitching: RHP Mason Broderick
Batting: RHB Jason Birge 0-0: SINGLE (Groundball, 56D, EV 102.5 MPH)
Chance Argy to third
Batting: RHB Dave Saldana 0-0: Swinging Strike
0-1: Ball
1-1: Called Strike
1-2: Strikes out swinging
Batting: SHB Ryoji Hiraoka 0-0: Ball
1-0: Ball
2-0: Ball
3-0: Base on Balls
Jason Birge to second
Batting: LHB David Bearden 0-0: Foul Ball, location: 2F
0-1: Foul Ball, location: 2F
0-2: Foul Ball, location: 2F
0-2: Foul Ball, location: 2F
0-2: Ground out 6-3 (Groundball, P, EV 84.4 MPH)
Bottom of the 7th over - 0 runs, 2 hits, 0 errors, 3 left on base; Calgary 3 - Joplin 2
TOP OF THE 8TH
Calgary Flames batting - Pitching for Joplin Blasters : RHP Bryan Kiefer
Batting: RHB Ricardo Ortiz 0-0: Called Strike
0-1: Ball
1-1: Swinging Strike
1-2: Reached on error, E5 (Groundball, 56, EV 101.3 MPH)
Batting: LHB James McCauley 0-0: Ball
1-0: Ball
2-0: Fly out, F7 (Flyball, 78M, EV 80.6 MPH)
Batting: RHB Ed Oake 0-0: Called Strike
0-1: Ball
1-1: Fly out, F8 (Flyball, 8LS, EV 76.9 MPH)
Batting: LHB Ramon Vega 0-0: Ball
1-0: Ball
2-0: Foul Ball, location: 2F
2-1: Ground out 4-3 (Groundball, 4S, EV 92.5 MPH)
Top of the 8th over - 0 runs, 0 hits, 1 error, 1 left on base; Calgary 3 - Joplin 2
BOTTOM OF THE 8TH
Joplin Blasters batting - Pitching for Calgary Flames : RHP Mason Broderick
Pitching: LHP Jay Bowen
Batting: LHB Josh Dalton 0-0: Ball
1-0: Ball
2-0: Called Strike
2-1: Fly out, F7 (Line Drive, 7, EV 90.6 MPH)
Pitching: RHP Ching Ge
Batting: SHB Sean Hill 0-0: Foul Ball, location: 2F
0-1: Ball
1-1: Swinging Strike
1-2: Strikes out swinging
Batting: RHB Bobby Matyas 0-0: Foul Ball, location: 2F
0-1: Swinging Strike
0-2: Strikes out swinging
Bottom of the 8th over - 0 runs, 0 hits, 0 errors, 0 left on base; Calgary 3 - Joplin 2
TOP OF THE 9TH
Calgary Flames batting - Pitching for Joplin Blasters : RHP Bryan Kiefer
Pitching: RHP Gary Ackerman
Batting: RHB Dave McBain 0-0: Fly out, F7 (Flyball, 7S, EV 78.8 MPH)
Batting: RHB Brian DeVoe 0-0: Swinging Strike
0-1: Ball
1-1: Foul Ball, location: 2F
1-2: Foul Ball, location: 2F
1-2: Strikes out looking
Batting: RHB Eric McMillian 0-0: Called Strike
0-1: DOUBLE (Line Drive, 9LS, EV 90.0 MPH)
Batting: RHB Wally Cangro 0-0: Swinging Strike
0-1: Called Strike
0-2: Strikes out swinging
Top of the 9th over - 0 runs, 1 hit, 0 errors, 1 left on base; Calgary 3 - Joplin 2
BOTTOM OF THE 9TH
Joplin Blasters batting - Pitching for Calgary Flames : RHP Ching Ge
Batting: RHB Adam Krieger 0-0: Called Strike
0-1: Ball
1-1: Swinging Strike
1-2: Foul Ball, location: 2F
1-2: Ground out 6-3 (Groundball, 56S, EV 85.0 MPH)
Batting: RHB Chance Argy 0-0: SINGLE (Groundball, 34D, EV 97.5 MPH)
Batting: RHB Jason Birge 0-0: Grounds into double play, 1-6-3 (Groundball, 34S, EV 62.5 MPH)
Bottom of the 9th over - 0 runs, 1 hit, 0 errors, 0 left on base; Calgary 3 - Joplin 2
Thursday, March 31st , 2022 - OOTP Baseball 22.12 Build 89